% Time on Ice - SAN FRANCISCO SPIDERS
Lines # - Real PCT - Wanted PCT - Time Play
Normal Forward
1 - 34% - 37% - 14:59
2 - 27% - 33% - 12:04
3 - 30% - 25% - 13:07
4 - 9% - 5% - 3:58
Normal Defense
1 - 38% - 45% - 16:51
2 - 36% - 35% - 16:04
3 - 25% - 20% - 11:13
4 - 0% - 0% - 0:00
PP Forward
1 - 63% - 55% - 2:31
2 - 37% - 45% - 1:27
PP Defense
1 - 56% - 55% - 2:13
2 - 44% - 45% - 1:45
PK Forward
1 - 56% - 55% - 6:42
2 - 44% - 45% - 5:12
PK Defense
1 - 61% - 55% - 7:19
2 - 39% - 45% - 4:35
PK3 Forward
1 - 0% - 55%
2 - 0% - 45%
PK3 Defense
1 - 0% - 55%
2 - 0% - 45%
44 Forward
1 - 0% - 55%
2 - 0% - 45%
44 Defense
1 - 0% - 55%
2 - 0% - 45%
Last Minute Offensive  - 0:00
Last Minute Defensive  - 0:00
Total
Forward - 60:00
Defense - 60:00
% Time on Ice - PORTLAND PIRATES
Lines # - Real PCT - Wanted PCT - Time Play
Normal Forward
1 - 32% - 35% - 13:54
2 - 34% - 35% - 14:51
3 - 20% - 25% - 8:41
4 - 14% - 5% - 6:02
Normal Defense
1 - 45% - 36% - 19:31
2 - 35% - 36% - 15:09
3 - 10% - 14% - 4:24
4 - 10% - 14% - 4:24
PP Forward
1 - 35% - 60% - 4:10
2 - 65% - 40% - 7:44
PP Defense
1 - 61% - 60% - 7:12
2 - 39% - 40% - 4:42
PK Forward
1 - 71% - 60% - 2:50
2 - 29% - 40% - 1:08
PK Defense
1 - 57% - 60% - 2:16
2 - 43% - 40% - 1:42
PK3 Forward
1 - 0% - 60%
2 - 0% - 40%
PK3 Defense
1 - 0% - 60%
2 - 0% - 40%
44 Forward
1 - 0% - 60%
2 - 0% - 40%
44 Defense
1 - 0% - 60%
2 - 0% - 40%
Last Minute Offensive  - 0:00
Last Minute Defensive  - 0:40
Total
Forward - 60:00
Defense - 60:00
Play-by-Play 1st period 0:01 of 1st period - Bo Horvat wins face-off versus Mika Zibanejad in neutral zone. 0:09 of 1st period - Shot by Travis Konecny. 0:09 of 1st period - Shot Misses the Net. 0:11 of 1st period - Shot by Gabriel Landeskog. 0:11 of 1st period - Shot Blocked by Darnell Nurse. 0:13 of 1st period - Shot by Brett Pesce. 0:13 of 1st period - Deflect By Gabriel Landeskog. 0:13 of 1st period - Shot Misses the Net. 0:23 of 1st period - Shot by Andrei Svechnikov. 0:23 of 1st period - Stopped by Chris Driedger without a rebound. 0:24 of 1st period - Jason Spezza wins face-off versus Chandler Stephenson in PORTLAND PIRATES zone. 0:33 of 1st period - Shot by Chandler Stephenson. 0:33 of 1st period - Shot Misses the Net. 0:35 of 1st period - Shot by Chandler Stephenson. 0:35 of 1st period - Shot Misses the Net. 0:37 of 1st period - Shot by Pavel Zacha. 0:37 of 1st period - Shot Misses the Net. 0:51 of 1st period - Shot by Chandler Stephenson. 0:51 of 1st period - Shot Misses the Net. 1:21 of 1st period - Kirby Dach is hit by Chandler Stephenson and loses puck. 2:15 of 1st period - Icing by Sean Walker. 2:16 of 1st period - Alexander Kerfoot wins face-off versus Mika Zibanejad in SAN FRANCISCO SPIDERS zone. 2:39 of 1st period - Shot by Mika Zibanejad. 2:39 of 1st period - Stopped by Igor Shesterkin without a rebound. 2:40 of 1st period - Nico Sturm wins face-off versus Joakim Nordstrom in SAN FRANCISCO SPIDERS zone. 2:40 of 1st period - Nico Sturm is hit by William Carrier. 2:52 of 1st period - Shot by Corey Perry. 2:52 of 1st period - Shot Misses the Net. 2:54 of 1st period - Shot by Michael Anderson. 2:54 of 1st period - Stopped by Chris Driedger without a rebound. 2:55 of 1st period - Bo Horvat wins face-off versus Mika Zibanejad in PORTLAND PIRATES zone. 2:56 of 1st period - Shot by Andrei Svechnikov. 2:56 of 1st period - Stopped by Chris Driedger without a rebound. 2:57 of 1st period - Bo Horvat wins face-off versus Mika Zibanejad in PORTLAND PIRATES zone. 2:57 of 1st period - Andrei Svechnikov is hit by Jason Demers. 2:59 of 1st period - Shot by Bo Horvat. 2:59 of 1st period - Goal by Bo Horvat - SAN FRANCISCO SPIDERS : 1 - PORTLAND PIRATES : 0. 3:00 of 1st period - Bo Horvat wins face-off versus Mika Zibanejad in neutral zone. 3:12 of 1st period - Bo Horvat is hit by Jason Demers and loses puck. 3:15 of 1st period - Shot by Andrei Svechnikov. 3:15 of 1st period - Shot Blocked by Travis Hamonic. 3:21 of 1st period - Shot by Bo Horvat. 3:21 of 1st period - Shot Misses the Net. 3:57 of 1st period - Icing by Gabriel Landeskog. 3:58 of 1st period - Jason Spezza wins face-off versus Mika Zibanejad in PORTLAND PIRATES zone. 4:10 of 1st period - Minor Penalty to Jason Spezza for High sticking. 4:11 of 1st period - Viktor Arvidsson wins face-off versus Chandler Stephenson in SAN FRANCISCO SPIDERS zone. 4:53 of 1st period - Icing by Yanni Gourde. 4:54 of 1st period - Chandler Stephenson wins face-off versus Viktor Arvidsson in PORTLAND PIRATES zone. 5:42 of 1st period - Shot by Gabriel Landeskog. 5:42 of 1st period - Shot Blocked by Shea Weber. 5:44 of 1st period - Shot by Mika Zibanejad. 5:44 of 1st period - Shot Misses the Net. 5:46 of 1st period - Shot by Travis Konecny. 5:46 of 1st period - Shot Misses the Net. 6:00 of 1st period - Shot by Alec Martinez. 6:00 of 1st period - Stopped by Igor Shesterkin without a rebound. 6:01 of 1st period - Bo Horvat wins face-off versus Mika Zibanejad in SAN FRANCISCO SPIDERS zone. 7:13 of 1st period - Shot by Chandler Stephenson. 7:13 of 1st period - Shot Misses the Net. 7:15 of 1st period - Shot by Brett Pesce. 7:15 of 1st period - Stopped by Igor Shesterkin without a rebound. 7:16 of 1st period - Joe Thornton wins face-off versus Jason Spezza in SAN FRANCISCO SPIDERS zone. 7:31 of 1st period - Shot by Calle Jarnkrok. 7:31 of 1st period - Shot Hit the Post. 7:33 of 1st period - Shot by Viktor Arvidsson. 7:33 of 1st period - Stopped by Chris Driedger without a rebound. 7:34 of 1st period - Bo Horvat wins face-off versus Mika Zibanejad in PORTLAND PIRATES zone. 7:51 of 1st period - Shot by Gabriel Landeskog. 7:51 of 1st period - Shot Misses the Net. 8:03 of 1st period - Shot by Gabriel Landeskog. 8:03 of 1st period - Shot Blocked by Darnell Nurse. 8:05 of 1st period - Shot by Travis Konecny. 8:05 of 1st period - Stopped by Igor Shesterkin without a rebound. 8:05 of 1st period - Minor Penalty to Igor Shesterkin for Slashing. 8:06 of 1st period - Bo Horvat wins face-off versus Chandler Stephenson in SAN FRANCISCO SPIDERS zone. 8:06 of 1st period - Bo Horvat is hit by Yanni Gourde. 9:18 of 1st period - Shot by Travis Konecny. 9:18 of 1st period - Shot Misses the Net. 10:10 of 1st period - Shot by William Carrier. 10:10 of 1st period - Stopped by Igor Shesterkin without a rebound. 10:11 of 1st period - Adam Erne wins face-off versus Alexander Kerfoot in SAN FRANCISCO SPIDERS zone. 10:26 of 1st period - Shot by Adam Erne. 10:26 of 1st period - Shot Blocked by Tyler Myers. 10:49 of 1st period - Shot by Danton Heinen. 10:49 of 1st period - Shot Misses the Net. 11:05 of 1st period - Shot by Milan Lucic. 11:05 of 1st period - Shot Misses the Net. 11:07 of 1st period - Shot by Nico Sturm. 11:07 of 1st period - Stopped by Chris Driedger with a rebound. 11:09 of 1st period - Shot by Corey Perry. 11:09 of 1st period - Stopped by Chris Driedger without a rebound. 11:10 of 1st period - Bo Horvat wins face-off versus Chandler Stephenson in PORTLAND PIRATES zone. 11:32 of 1st period - Off-side. 11:33 of 1st period - Jason Spezza wins face-off versus Joe Thornton in neutral zone. 11:36 of 1st period - Shot by Jason Spezza. 11:36 of 1st period - Shot Misses the Net. 12:08 of 1st period - Shot by Rickard Rakell. 12:08 of 1st period - Stopped by Igor Shesterkin without a rebound. 12:09 of 1st period - Bo Horvat wins face-off versus Chandler Stephenson in SAN FRANCISCO SPIDERS zone. 13:05 of 1st period - Icing by Michael Anderson. 13:06 of 1st period - Bo Horvat wins face-off versus Mika Zibanejad in SAN FRANCISCO SPIDERS zone. 13:19 of 1st period - Brett Pesce is hit by Viktor Arvidsson and loses puck. 13:25 of 1st period - Alec Martinez is hit by Darnell Nurse and loses puck. 13:35 of 1st period - Minor Penalty to Darnell Nurse for Interference. 13:36 of 1st period - Bo Horvat wins face-off versus Pavel Zacha in SAN FRANCISCO SPIDERS zone. 14:13 of 1st period - Off-side. 14:14 of 1st period - Bo Horvat wins face-off versus Mika Zibanejad in neutral zone. 14:32 of 1st period - Shot by Gabriel Landeskog. 14:32 of 1st period - Shot Misses the Net. 14:34 of 1st period - Shot by Mika Zibanejad. 14:34 of 1st period - Shot Misses the Net. 14:50 of 1st period - Shot by Travis Konecny. 14:50 of 1st period - Stopped by Igor Shesterkin without a rebound. 14:51 of 1st period - Yanni Gourde wins face-off versus Viktor Arvidsson in SAN FRANCISCO SPIDERS zone. 14:54 of 1st period - Shot by Yanni Gourde. 14:54 of 1st period - Shot Misses the Net. 14:56 of 1st period - Shot by Yanni Gourde. 14:56 of 1st period - Stopped by Igor Shesterkin with a rebound. 14:58 of 1st period - Shot by Thomas Chabot. 14:58 of 1st period - Shot Misses the Net. 15:29 of 1st period - Shot by Rickard Rakell. 15:29 of 1st period - Shot Misses the Net. 15:44 of 1st period - Alexander Kerfoot is hit by Alec Martinez. 15:59 of 1st period - Shot by Michael Anderson. 15:59 of 1st period - Stopped by Chris Driedger without a rebound. 16:00 of 1st period - Bo Horvat wins face-off versus Mika Zibanejad in PORTLAND PIRATES zone. 16:21 of 1st period - Shot by Bo Horvat. 16:21 of 1st period - Stopped by Chris Driedger without a rebound. 16:22 of 1st period - Joe Thornton wins face-off versus Jason Spezza in PORTLAND PIRATES zone. 18:14 of 1st period - Shot by Andrei Svechnikov. 18:14 of 1st period - Stopped by Chris Driedger with a rebound. 18:32 of 1st period - Shot by Danton Heinen. 18:32 of 1st period - Deflect By Alexander Kerfoot. 18:32 of 1st period - Stopped by Chris Driedger without a rebound. 18:33 of 1st period - Mika Zibanejad wins face-off versus Nico Sturm in PORTLAND PIRATES zone. 18:35 of 1st period - Icing by Travis Konecny. 18:36 of 1st period - Kirby Dach wins face-off versus Mika Zibanejad in PORTLAND PIRATES zone. Goals for this period are 1 for SAN FRANCISCO SPIDERS vs 0 for PORTLAND PIRATES. Shots for this period are 11 for SAN FRANCISCO SPIDERS vs 8 for PORTLAND PIRATES. 2nd period 0:01 of 2nd period - Chandler Stephenson wins face-off versus Jason Spezza in neutral zone. 0:14 of 2nd period - Shot by Yanni Gourde. 0:14 of 2nd period - Shot Misses the Net. 0:16 of 2nd period - Shot by Thomas Chabot. 0:16 of 2nd period - Shot Misses the Net. 0:18 of 2nd period - Shot by Pavel Zacha. 0:18 of 2nd period - Shot Misses the Net. 1:17 of 2nd period - Bo Horvat is hit by Travis Konecny and loses puck. 1:32 of 2n